cohdb
Replays
Latest Replays
All Replays
Popular Replays
Top Player Replays
Match Explorer
How It Works
Community
CoH3 Stats
Reddit
Sign in to upload your games and track your stats! →
Sign in with Steam
Match 44362472
Unlisted
Match 44362472
Overview
Messages
Build Orders
End
Construct Weapon Support Center
M1919 Machine Gun Team
Engineer Squad
M1919 Machine Gun Team
Selects Heavy Weapons
Engineer Squad
Construct Medical Station
Mortar Pit
.30 cal Machine Gun
Mechanized Support Center
Construct Tank Depot
Mortar Pit
Selects Assault Carriers
Selects Halftrack Strongpoints
Construct Barracks
M4A1 76mm Conversion
Riflemen Squad
Selects M2HB .50cal Heavy Machine Gun
.30 cal Machine Gun
M4A1(76) Sherman Medium Tank
Mortar Pit
M4A1(76) Sherman Medium Tank
Improvised Armor
M18 Hellcat Tank Destroyer
Construct Motor Pool
M1 Anti-tank Gun Team
Mortar Pit
Selects M26 Pershing Heavy Tank
M1 Anti-tank Gun Team
Mortar Pit
Selects Gallant Stand
Mortar Pit
M26 Pershing Heavy Tank
Juan Fe
TIGER DESTROYER
XXSAMA
Legionary
Boonwaggle
Elvis Aaron Presley
2015044103
suoz250rdr
0
0
Comments
sign in to comment!
No comments posted yet!